 Dungeon Crawl Stone Soup version 0.24-a0-584-g9d6b971ae4 (webtiles) character file.

Game seed: 15277658788775962239, levelgen mode: deterministic

452 Peloso the Covered (level 6, 0/53 HPs)
             Began as a Minotaur Fighter on Aug 31, 2019.
             Slain by Pikel
             ... wielding a +2 whip of flaming
              (1 damage)
             ... on level 4 of the Dungeon.
             The game lasted 00:05:54 (3631 turns).

Peloso the Covered (Minotaur Fighter)               Turns: 3631, Time: 00:05:55

Health: 0/53       AC:  9    Str: 21    XL:     6   Next: 75%
Magic:  5/5        EV:  8    Int:  5    God:
Gold:   242        SH: 11    Dex: 11    Spells: 5/5 levels left

rFire    . . .     SeeInvis .   a - +0 long sword
rCold    . . .     Gourm    .   c - +1 shield
rNeg     + . .     Faith    .   b - +2 scale mail {rPois}
rPois    +         Spirit   .   (helmet restricted)
rElec    .         Reflect  .   (no cloak)
rCorr    .         Harm     .   (no gloves)
MR       .....                  (no boots)
Stlth    ..........             o - amulet of inaccuracy (curse)
HPRegen  0.17/turn              i - ring of positive energy
MPRegen  0.09/turn              (no ring)

@: studying Fighting
A: retaliatory headbutt, horns 2
a: no special abilities


You were on level 4 of the Dungeon.
You were very hungry.

You visited 1 branch of the dungeon, and saw 4 of its levels.

You collected 242 gold pieces.

Inventory:

Hand Weapons
 a - a +0 long sword (weapon)
 q - a +1 dagger of flaming
Armour
 b - a +2 scale mail of poison resistance (worn)
 c - a +1 shield (worn)
Jewellery
 i - a ring of positive energy (left hand)
 o - a cursed amulet of inaccuracy (around neck)
Scrolls
 g - a scroll of amnesia {unknown}
 n - 2 scrolls of identify
 p - a scroll of teleportation {unknown}
Potions
 d - a potion of might
 e - 2 potions of berserk rage
 h - a potion of brilliance
 j - a potion of haste {unknown}
 k - 3 potions of curing
 l - a potion of agility {unknown}
 m - a potion of heal wounds {unknown}
Books
 r - a manual of Fighting
Comestibles
 f - 9 rations


   Skills:
 + Level 4.6 Fighting
 + Level 4.6 Long Blades
 + Level 5.9 Armour
 + Level 1.7 Dodging
 + Level 5.7 Shields


You had 5 spell levels left.
You didn't know any spells.
Your spell library was empty.

Dungeon Overview and Level Annotations

Branches:
Dungeon (4/15)
 Temple: D:4-7

Altars:
Ashenzari
Dithmenos
Hepliaklqana
Zin

Annotations:
D:4 Pikel


Innate Abilities, Weirdness & Mutations

You reflexively headbutt those who attack you in melee.
You have a pair of horns on your head.


Message History

Pikel is severely wounded.
Pikel hits you with a +2 whip of flaming.
Pikel burns you.
Pikel hits you with a +2 whip of flaming!
Pikel burns you.
Your shield prevents you from hitting Pikel.
Pikel is severely wounded.
You block Pikel's attack.
You barely miss Pikel.
Pikel is severely wounded.
Pikel hits you with a +2 whip of flaming!
* * * LOW HITPOINT WARNING * * *
Pikel burns you.
* * * LOW HITPOINT WARNING * * *
You slash Pikel! Your headbutt misses Pikel.
Pikel is almost dead.
Pikel hits you with a +2 whip of flaming.
* * * LOW HITPOINT WARNING * * *
Pikel burns you.
You die...

..##.##...#.#.. ...
...#)#..#.#.#.# #.#
...#.#....#.#.# #.#
...#.#....#.#.# #.#
.#.#.#.#..#.#.# #.#
..##.##.......# #p#
###...###.#...# #.#
..##.##...#[..#####p###
.#.#.#.#........@Kpp..#
....#.....##...########
..#.#.###.##...#
###...# #.##...#
##...... #...# ######
#...# #.... #...#


You could see Pikel and 3 slaves.

Vanquished Creatures
  A slave (D:4)
  An ogre (D:4)
  2 scorpions (D:4)
  2 hounds (D:4)
  An orc priest (D:4)
  An orc wizard (D:4)
  A worker ant (D:4)
  4 adders
  An ooze (D:3)
  An adder zombie (D:3)
  A worm (D:3)
  2 dart slugs
  A leopard gecko (D:4)
  3 orcs
  3 ball pythons
  7 bats
  2 giant cockroaches
  3 goblins
  5 hobgoblins
  6 jackals (D:1)
  8 kobolds
  A quokka (D:4)
  3 frilled lizards (D:2)
  8 rats
68 creatures vanquished.

Vanquished Creatures (others)
  An orc wizard (D:4)
1 creature vanquished.

Grand Total: 69 creatures vanquished

Notes
Turn   | Place    | Note
-------+----------+-------------------------------------------
     0 | D:1      | Peloso the Minotaur Fighter began the quest for the Orb.
     0 | D:1      | Reached XP level 1. HP: 19/19 MP: 0/0
   202 | D:1      | Reached XP level 2. HP: 22/27 MP: 1/1
   996 | D:2      | Reached XP level 3. HP: 33/33 MP: 2/2
  1186 | D:2      | Found a shadowy altar of Dithmenos.
  1652 | D:2      | Found a glowing silver altar of Zin.
  1787 | D:3      | Found a shattered altar of Ashenzari.
  2044 | D:3      | Reached XP level 4. HP: 36/40 MP: 3/3
  2495 | D:4      | Found a hazy altar of Hepliaklqana.
  2559 | D:4      | Noticed an ogre
  2568 | D:4      | Killed an ogre
  2568 | D:4      | Reached skill level 5 in Armour
  2568 | D:4      | Reached skill level 1 in Dodging
  2568 | D:4      | Reached XP level 5. HP: 23/47 MP: 4/4
  2591 | D:4      | Reached skill level 5 in Shields
  2607 | D:4      | Reached XP level 6. HP: 10/53 MP: 5/5
  3590 | D:4      | Noticed a slave
  3596 | D:4      | Noticed a slave
  3599 | D:4      | Noticed Pikel
  3600 | D:4      | Noticed a slave
  3602 | D:4      | Killed a slave
  3618 | D:4      | Noticed a slave
  3631 | D:4      | HP: 1/53 [Pikel/+2 whip of flaming (5)]
  3631 | D:4      | Slain by Pikel

Levels and vault maps discovered:
D:1:      scummos_arrival_simple_crosswalls, layout_loops_corners
D:2:      minmay_skewed_foursquare, layout_rooms,
          nicolae_overflow_hidden_temple,
          nicolae_dithmenos_through_a_glass_darkly, first_ration
D:3:      layout_loops_cross, nicolae_ashenzari_panopticon
D:4:      layout_basic, lemuel_round_altar, led_sif_pool,
          minmay_manual_monstrance, uniq_pikel

Skill      XL: |  1  2  3  4  5 |
---------------+----------------+-----
Armour         | 4 5 |  5.9
Fighting       | 4 |  4.6
Shields        | 4 5 |  5.7
Long Blades    | 3 4 |  4.6
Dodging        | 1 |  1.7

Action                   |  1- 3 |  4- 6 || total
-------------------------+-------+-------++-------
Melee: Long sword        |   121 |   162 ||   283
       Headbutt          |    16 |    23 ||    39
  Use: Potion            |     2 |     1 ||     3
       Scroll            |     7 |       ||     7
  Eat: Chunk             |     4 |     4 ||     8
Armor: Scale mail        |    79 |    52 ||   131
Dodge: Dodged            |    58 |    42 ||   100
Block: Shield            |    76 |    73 ||   149
       Rpst.: Long sword |    13 |     6 ||    19

Table legend:
 A = Non-vault XP
 B = Vault XP
 C = Vault XP percentage of total XP
 D = Non-vault monster count
 E = Vault monster count
 F = Vault count percentage of total count
                 A         B        C        D         E       F
            +---------+---------+-------+---------+---------+-------
      Total |     567 |      80 |  12.4 |      62 |       6 |   8.8
            +---------+---------+-------+---------+---------+-------
        D:1 |      38 |       0 |   0.0 |      21 |       0 |   0.0
        D:2 |      35 |       5 |  12.5 |      15 |       4 |  21.1
        D:3 |      42 |       0 |   0.0 |      11 |       0 |   0.0
        D:4 |     452 |      75 |  14.2 |      15 |       2 |  11.8
            +---------+---------+-------+---------+---------+-------
